AoeStats
← 拿捏木村

Black Forest

510688643Analyzed
4v4 RM · 1d ago on Oct 2, 2026· 28m 41s· 8 players
Game mode
Random Map
Map size
Large (8 player)
Population
200
Speed
Normal
Resources
Standard
Victory
Conquest
Starting age
Dark Age
Ending age
Imperial Age
RankedLock teamsTeams togetherTeam positionsShared explorationLock speedFull tech treeHidden civsTurbo modeCheats
Victory
Defeat
🇦🇷 Persians · Argentina
1354
+14
🇲🇽 Lithuanians · Mexico
1327
+15
🇻🇳 Ethiopians · Vietnam
1311
+16
🇻🇳 Khmer · Vietnam
1300
+17
🇹🇼 Persians · Taiwan
1333
-16
🇭🇰 Franks · Hong Kong SAR China
1323
-16
🇨🇳 Hindustanis · China
1309
-15
🇨🇳 Turks · China
1294
-15
拿捏木村
1:09 Loom
10:26 Feudal Age
11:09 Double-Bit Axe
13:00 Fishing Lines
21:18 Castle Age
19:46 Fletching
20:49 Town Watch
胖过
9:25 Feudal Age
13:08 Castle Age
11:32 Double-Bit Axe
12:33 Horse Collar
16:58 Bow Saw
21:12 Wheelbarrow
21:37 Scale Barding Armor
21:39 Gold Mining
24:03 Bloodlines
25:30 Husbandry
26:06 Chain Barding Armor
25:58 Forging
Eiiisckhan
4:46 Loom
8:15 Loom
15:46 Feudal Age
21:13 Castle Age
19:51 Double-Bit Axe
22:21 Fletching
23:52 Wheelbarrow
23:17 Town Watch
24:23 Bow Saw
24:56 Horse Collar
26:12 Gold Mining
27:27 Bodkin Arrow
野豬騎士來囉
0:46 Loom
11:19 Feudal Age
[Zelda] Skull kid
0:33 Loom
mryendl2410
11:43 Feudal Age
15:44 Castle Age
13:57 Double-Bit Axe
14:11 Horse Collar
15:02 Gold Mining
15:57 Fletching
16:02 Crossbowman
21:36 Bodkin Arrow
24:03 Gold Shaft Mining
24:02 Padded Archer Armor
24:25 Ballistics
26:42 Wheelbarrow
31:33 Imperial Age
piecardinap
13:20 Feudal Age
17:44 Castle Age
16:05 Double-Bit Axe
17:15 Horse Collar
21:16 Wheelbarrow
21:00 Gold Mining
23:24 Scale Barding Armor
24:33 Bloodlines
25:50 Chain Barding Armor
27:06 Loom
31:28 Imperial Age
29:13 Forging
KanA
9:56 Loom
12:10 Feudal Age
17:53 Castle Age
17:22 Bloodlines
17:40 Double-Bit Axe
17:36 Horse Collar
18:55 Gold Mining
26:00 Scale Barding Armor
26:06 Forging
26:40 Fishing Lines
28:11 Wheelbarrow
27:47 Bow Saw
27:38 Heavy Plow
28:14 Gold Shaft Mining
27:31 Stone Mining
28:42 Chain Barding Armor
Connection lost

Rejoining the realm…

Still unreachable

The connection could not be restored.

Session expired

The server has moved on; the page needs a fresh start.